 Dungeon Crawl Stone Soup version 0.30-b1-2-g02819fbbbe (webtiles) character file.

Game seed: 11422602540342914104

578 Dirian the Chopper (level 7, -3/61 HPs)
             Began as a Minotaur Berserker on May 18, 2023.
             Was a Believer of Trog.
             Slain by Duvessa
             ... wielding a +0 short sword
              (4 damage)
             ... on level 4 of the Dungeon.
             The game lasted 00:03:38 (2276 turns).

Dirian the Chopper (Minotaur Berserker)             Turns: 2276, Time: 00:03:39

Health: -3/61      AC: 12    Str: 24    XL:     7   Next: 13%
Magic:  2/2        EV:  9    Int:  4    God:    Trog [**....]
Gold:   138        SH:  0    Dex:  9    Spells: 6/6 levels left

rFire   . . .        b - +0 hand axe (antimagic)
rCold   . . .        (no shield)
rNeg    . . .        g - +0 chain mail
rPois   .            (helmet restricted)
rElec   .            (no cloak)
rCorr   .            h - +0 pair of gloves
SInv    .            v - +0 pair of boots
Will    .....        s - amulet of the acrobat Stlth
                     (no ring)
HPRegen 0.30/turn    (no ring)
MPRegen 0.08/turn

%: acrobat
@: no status effects
A: horns 2, retaliatory headbutt
a: Renounce Religion, Berserk, Trog's Hand


You were on level 4 of the Dungeon.
You worshipped Trog.
Trog was pleased with you.
You visited 1 branch of the dungeon, and saw 4 of its levels.

You collected 138 gold pieces.

Inventory:

Hand Weapons
 a - a +1 hand axe
 b - a +0 antimagic hand axe (weapon)
Missiles
 m - a throwing net (quivered)
Armour
 g - a +0 chain mail (worn)
 h - a +0 pair of gloves (worn)
 v - a +0 pair of boots (worn)
Jewellery
 s - an amulet of the acrobat (around neck)
Scrolls
 c - a scroll of immolation
 d - a scroll of fear
 n - 2 scrolls of enchant weapon
 r - a scroll of identify
Potions
 e - 3 potions of ambrosia
 f - a potion of magic
 l - 2 potions of might {unknown}
 p - a potion of lignification {unknown}
 q - 2 potions of curing
 u - a potion of mutation {unknown}


   Skills:
 + Level 5.1 Fighting
 + Level 7.2 Axes
 * Level 6.1 Armour
 - Level 2.1 Dodging


You had 6 spell levels left.
You didn't know any spells.
Your spell library was empty.

Dungeon Overview and Level Annotations

Branches:
Dungeon (4/15) Zot: 21688
 Temple: D:4-7

Altars:
Cheibriados

Annotations:
D:4 Duvessa


Innate Abilities, Weirdness & Mutations

You have a pair of horns on your head.
You reflexively headbutt those who attack you in melee.


Message History

You are too injured to fight recklessly!
You are too injured to fight recklessly!
You are too injured to fight recklessly!
You are too injured to fight recklessly!
You are too injured to fight recklessly!
You are too injured to fight recklessly!
You are too injured to fight recklessly!
You are too injured to fight recklessly!
You are too injured to fight recklessly!
You are too injured to fight recklessly!
You are too injured to fight recklessly!
You slash Duvessa!
Duvessa is heavily wounded.
Duvessa hits you with a +0 short sword!
You hit Duvessa. Your headbutt misses Duvessa.
Duvessa is heavily wounded.
Duvessa barely misses you.
You closely miss Duvessa.
Duvessa is heavily wounded.
Duvessa closely misses you. Duvessa hits you with a +0 short sword!
You hit Duvessa. You punch Duvessa, but do no damage.
Duvessa is heavily wounded.
Duvessa hits you but does no damage.
You hit Duvessa but do no damage.
Duvessa is heavily wounded.
Duvessa hits you with a +0 short sword! Duvessa hits you with a +0 short sword.
* * * LOW HITPOINT WARNING * * *
You barely miss Duvessa.
Duvessa is heavily wounded.
Duvessa hits you with a +0 short sword.
* * * LOW HITPOINT WARNING * * *
You hit Duvessa.
Duvessa is severely wounded.
Duvessa barely misses you.
You hit Duvessa. You headbutt Duvessa.
Duvessa is severely wounded.
Duvessa hits you with a +0 short sword!
* * * LOW HITPOINT WARNING * * *
Duvessa hits you with a +0 short sword.
You die...

.##.......#......##
.....#............#
.##..###...#.#....+ #..#
##.####....# ##.. ...#
#...#.# .......#
#.###.## +## ........
#..#...#...#
......^..##..........
............@.......
........)e......
....##.[......#. ...
.....##$........ .##..
.....###........ .#...
....####.......# .(...#
J..............#
.....###................
..##.#.....(...


You could see Duvessa (berserk).

Vanquished Creatures
  Sigmund (D:4)
  The ghost of DavidChitty2 the Covered, an amateur MiFi (D:3)
  A bullfrog (D:4)
  Dowan (D:4)
  A jelly (D:4)
  An orc priest (D:4)
  An iguana (D:4)
  3 gnolls (D:2)
  2 adders
  A worm (D:2)
  4 dart slugs
  2 orcs (D:4)
  7 ball pythons
  8 endoplasms
  5 giant cockroaches
  7 goblins
  5 hobgoblins
  4 jackals (D:3)
  2 quokkas
  5 bats
  2 frilled lizards
  4 kobolds
  7 rats
75 creatures vanquished.

Notes
Turn   | Place    | Note
-------+----------+-------------------------------------------
     0 | D:1      | Dirian the Minotaur Berserker began the quest for the Orb.
     0 | D:1      | Reached XP level 1. HP: 19/19 MP: 0/0
   208 | D:1      | Reached skill level 4 in Axes
   208 | D:1      | Reached XP level 2. HP: 25/27 MP: 1/1
   511 | D:1      | Found a faded altar of an unknown god.
   658 | D:2      | Reached XP level 3. HP: 33/33 MP: 2/2
   990 | D:2      | Reached ** piety under Trog
  1024 | D:2      | Reached XP level 4. HP: 28/41 MP: 3/3
  1354 | D:3      | Reached skill level 5 in Axes
  1390 | D:3      | Found a snail-covered altar of Cheibriados.
  1799 | D:3      | Found a large runed translucent door.
  1799 | D:3      | Found a large runed translucent door.
  1800 | D:3      | Noticed DavidChitty2's ghost (amateur MiFi)
  1921 | D:3      | Killed DavidChitty2's ghost
  1922 | D:3      | Reached XP level 5. HP: 43/47 MP: 4/4
  2117 | D:4      | Noticed Sigmund
  2120 | D:4      | Reached skill level 6 in Axes
  2120 | D:4      | Reached skill level 5 in Armour
  2120 | D:4      | Reached XP level 6. HP: 53/53 MP: 5/5
  2137 | D:4      | Killed Sigmund
  2138 | D:4      | Reached skill level 5 in Fighting
  2138 | D:4      | Reached skill level 7 in Axes
  2138 | D:4      | Reached XP level 7. HP: 45/61 MP: 6/6
  2247 | D:4      | Noticed Dowan
  2254 | D:4      | Noticed Duvessa
  2266 | D:4      | Killed Dowan
  2276 | D:4      | HP: 1/61 [Duvessa/+0 short sword (12)]
  2276 | D:4      | Slain by Duvessa

Illustrated notes

Levels and vault maps discovered:
D:1:      wander_arrival_lonely_grave, layout_loops_cross,
          dilly_ecumenical_altar_fadedgnrine, minmay_tromino_v2
D:2:      layout_rooms
D:3:      layout_basic, marbit_many_paths, ebering_ghost_disaster_area
D:4:      layout_cave_pools, minmay_temple_entry_glassed_door, uniq_natasha,
          uniq_sigmund, uniq_duvessa

Skill      XL: |  1  2  3  4  5  6 |
---------------+-------------------+-----
Axes           | 4 5 6 7 |  7.2
Fighting       | 4 5 |  5.1
Armour         | 3 4 5 6 |  6.1
Dodging        | |  2.1

Action                     |  1- 3 |  4- 6 |  7- 9 || total
---------------------------+-------+-------+-------++-------
  Melee: Hand axe          |    68 |    76 |    30 ||   174
         Headbutt          |    11 |     9 |     3 ||    23
         Punch             |       |       |     1 ||     1
 Invoke: Berserk           |     1 |     2 |       ||     3
    Use: Scroll            |       |     9 |       ||     9
 Armour: Animal skin       |     3 |       |       ||     3
         Leather armour    |     4 |       |       ||     4
         Ring mail         |     7 |    41 |       ||    48
         Chain mail        |       |       |    14 ||    14
  Dodge: Dodged            |    39 |    39 |    11 ||    89
